 Dungeon Crawl Stone Soup version 0.31-a0-1540-g5a0b83f448 (webtiles) character file.

Game seed: 7650821041597135763

78523 grandjackal the Bludgeoner (level 15, -2/180 HPs)
             Began as an Oni Warper on Jan 2, 2024.
             Was a High Priest of Ashenzari.
             Slain by a +6 long sword (19 damage)
             ... on level 14 of the Dungeon.
             The game lasted 00:45:35 (24524 turns).

grandjackal the Bludgeoner (Oni Warper)            Turns: 24524, Time: 00:45:36

Health: -2/180     AC:  7    Str: 25    XL:     15   Next: 60%
Magic:  10/21      EV: 17    Int: 23    God:    Ashenzari [*****.]
Gold:   222        SH:  5    Dex:  8    Spells: 4/22 levels left

rFire   + . .        G - +2 morningstar of Ashenzari's Affliction {protect, Self, Fort} (curse)
rCold   + + .        (no shield)
rNeg    + . .        N - +0 troll leather armour "Share My Soothsayer" {Regen+, Melee, Fort} (curse)
rPois   .            (helmet restricted)
rElec   +            f - +2 cloak of the Fated Awkwardness {Fort, Comp} (curse)
rCorr   .            (gloves unavailable)
SInv    +            (boots unavailable)
Will    +....        b - amulet "Bound Omission" {Reflect SH+5, Bglg, Sorc} (curse)
Stlth   +            W - ring "Ruined Irritation" {rElec rC++ rN+ EV+5, Bglg, Elem} (curse)
HPRegen 1.30/turn    Z - ring "Omen of Ashenzari" {rF+ Str+6 Int+3 SInv, Bglg, Sorc} (curse)
MPRegen 0.17/turn

%: reflection, clarity
@: studying Fire Magic
A: large, unfitting armour, horns 1, tough skin 1, double potion healing,
drunken brawling
a: Renounce Religion, Curse Item, Shatter the Chains


You were on level 14 of the Dungeon.
You worshipped Ashenzari.
Ashenzari was extremely pleased with you.
You visited 4 branches of the dungeon, and saw 22 of its levels.
You also visited: Sewer.

You collected 1975 gold pieces.
You spent 1753 gold pieces at shops.

Inventory:

Hand Weapons
 G - the cursed +2 morningstar of Ashenzari's Affliction (weapon) {protect, Self, Fort}
   (You found it on level 6 of the Dungeon)

   It has a curse which improves the following skills: Introspection: Fighting
   and Spellcasting.
   Fortitude: Armour and Shields.
 P - a +1 giant spiked club of freezing
 R - the +7 great mace "Firestarter" {flame, immolate, rFlCloud rF++}
   (You found it on level 10 of the Dungeon)

   rFlCloud:  It grants immunity to clouds of flame.
   rF++:      It greatly protects you from fire.
Missiles
 d - 7 darts of dispersal
 q - 20 poisoned darts (quivered)
 T - 5 curare-tipped darts
 V - 4 atropa-tipped darts
Armour
 f - the cursed +2 cloak of the Fated Awkwardness (worn) {Fort, Comp}
   (You found it on level 1 of the Lair of Beasts)

   It has a curse which improves the following skills: Fortitude: Armour and
   Shields.
   Companions: Summonings and Necromancy.
 N - the cursed +0 troll leather armour "Share My Soothsayer" (worn) {Regen+, Melee, Fort}
   (You found it on level 8 of the Dungeon)

   Regen+:    It increases your rate of health regeneration.
   It has a curse which improves the following skills: Melee Combat: Short
   Blades, Long Blades, Axes, Maces & Flails, Polearms, Staves and Unarmed
   Combat.
   Fortitude: Armour and Shields.
 Q - +0 fire dragon scales
Jewellery
 b - the cursed amulet "Bound Omission" (around neck) {Reflect SH+5, Bglg, Sorc}
   (You found it on level 5 of the Lair of Beasts)

   [amulet of reflection]

   Reflect:   It reflects blocked missile attacks.
   SH+5:      It affects your SH (+5).
   It has a curse which improves the following skills: Beguiling: Hexes and
   Translocations.
   Sorcery:   Conjurations and Alchemy.
 g - a ring of protection from cold
 I - a ring of protection from cold
 W - the cursed ring "Ruined Irritation" (left hand) {rElec rC++ rN+ EV+5, Bglg, Elem}
   (You found it on level 12 of the Dungeon)

   [ring of evasion]

   EV+5:      It affects your evasion (+5).
   rC++:      It greatly protects you from cold.
   rElec:     It insulates you from electricity.
   rN+:       It protects you from negative energy.
   It has a curse which improves the following skills: Beguiling: Hexes and
   Translocations.
   Elements:  Fire Magic, Ice Magic, Air Magic and Earth Magic.
 Z - the cursed ring "Omen of Ashenzari" (right hand) {rF+ Str+6 Int+3 SInv, Bglg, Sorc}
   (You bought it in a shop on level 5 of the Dungeon)

   [ring of strength]

   Str+6:     It affects your strength (+6).
   Int+3:     It affects your intelligence (+3).
   rF+:       It protects you from fire.
   SInv:      It lets you see invisible.
   It has a curse which improves the following skills: Beguiling: Hexes and
   Translocations.
   Sorcery:   Conjurations and Alchemy.
Wands
 x - a wand of light (9)
 A - a wand of paralysis (8)
 M - a wand of polymorph (4)
 U - a wand of flame (4)
 X - a wand of iceblast (13)
Scrolls
 c - 5 scrolls of blinking
 i - 5 scrolls of immolation
 k - 3 scrolls of summoning
 o - 5 scrolls of teleportation
 p - 3 scrolls of fog
 r - a scroll of revelation
 s - a scroll of vulnerability
 t - 10 scrolls of identify
 u - a scroll of noise
 w - 7 scrolls of amnesia
 y - 3 scrolls of fear
 z - 3 scrolls of brand weapon
 B - 3 scrolls of enchant armour
 K - 3 scrolls of poison
Potions
 a - 7 potions of brilliance
 e - 14 potions of curing
 h - 2 potions of magic
 j - a potion of berserk rage
 l - 5 potions of heal wounds
 m - 3 potions of resistance
 n - 3 potions of ambrosia
 v - 4 potions of cancellation
 C - 2 potions of enlightenment
 D - 5 potions of lignification
 E - 3 potions of haste
 H - a potion of invisibility
 J - a potion of attraction
 L - 2 potions of mutation
 Y - 2 potions of might
Miscellaneous
 O - a phantom mirror


   Skills:
 + Level 17.2(19.2) Fighting
 * Level 18.6(20.5) Maces & Flails
 - Level 1.0 Throwing
 - Level 13.0 Dodging
 - Level 2.4(4.1) Spellcasting
 + Level 4.9(7.9) Conjurations
 - Level 7.3(11.5) Translocations
 + Level 9.2(11.4) Fire Magic


You had 4 spell levels left.
You knew the following spells:

 Your Spells              Type           Power      Damage    Failure   Level
a - Blink                 Tloc           100%       N/A       1%          2
b - Lesser Beckoning      Tloc           100%       N/A       1%          2
c - Teleport Other        Tloc           55%        N/A       1%          3
d - Manifold Assault      Tloc           55%        N/A       1%          4
e - Volatile Blastmotes   Fire/Tloc      100%       2d18      1%          3
f - Flame Wave            Conj/Fire      49%        2d12      2%          4

Your spell library contained the following spells:

 Spells                   Type           Power      Damage    Failure   Level
 Foxfire                  Conj/Fire      100%       2x1d9     1%          1
 Magic Dart               Conj           100%       1d8       1%          1
 Searing Ray              Conj           82%        2d7       1%          2
 Passage of Golubria      Tloc           55%        N/A       1%          4
 Static Discharge         Conj/Air       46%        3-5/arc   3%          2
 Inner Flame              Hex/Fire       32%        N/A       3%          3
 Dazzling Flash           Conj/Hex       48%        N/A       6%          3
 Ignite Poison            Fire/Alch      31%        N/A       11%         4
 Sticky Flame             Fire/Alch      31%        2d7       11%         4
 Vhi's Electric Charge    Tloc/Air       62%        N/A       11%         4
 Call Imp                 Summ           12%        N/A       16%         2
 Cigotuvi's Dreadful Rot  Necr/Alch/Air  12%        N/A       16%         2
 Fulminant Prism          Conj/Alch      12%        3d9       22%         4
 Tukima's Dance           Hex            7%         N/A       28%         3
 Frozen Ramparts          Ice            12%        1d2       32%         3
 Ozocubu's Armour         Ice            6%         N/A       32%         3
 Airstrike                Air            3%         2d(1-17)  71%         4
 Leda's Liquefaction      Alch/Erth      3%         N/A       71%         4
 Petrify                  Alch/Erth      6%         N/A       71%         4
 Summon Lightning Spire   Summ/Air       6%         N/A       71%         4
 Dispersal                Tloc           27%        N/A       16%         6
 Starburst                Conj/Fire      24%        6d8       34%         6
 Arcjolt                  Conj/Air       11%        1d21      52%         5
 Irradiate                Conj/Alch      12%        3d15      52%         5
 Freezing Cloud           Conj/Ice/Air   8%         6-21      71%         5
 Plasma Beam              Fire/Air       15%        2x1d27    86%         6
 Metabolic Englaciation   Hex/Ice        3%         N/A       95%         5
 Yara's Violent Unravell  Hex/Alch       3%         3d4       95%         5
 Sculpt Simulacrum        Ice/Alch       3%         N/A       100%        6
 Disjunction              Tloc           27%        N/A       100%        8
 Ignition                 Fire           27%        3d9       100%        8
 Maxwell's Capacitive Co  Air            3%         ∞         100%        8


Dungeon Overview and Level Annotations

Branches:
Dungeon (14/15)            Temple (1/1) D:5            Lair (5/5) D:8
 Shoals (0/4) Lair:3       Spider (0/4) Lair:3        Slime (0/5) Lair:5
    Orc (2/2) D:12            Elf (0/3) Orc:2        Vaults (0/5) D:14
  Sewer (visited)

Altars:
Ashenzari
Cheibriados
Dithmenos
Elyvilon
Fedhas
Gozag
Hepliaklqana
Kikubaaqudgha
Makhleb
Nemelex Xobeh
Qazlal
Ru
Sif Muna
Trog
Uskayaw
Vehumet
Wu Jian
Xom
Yredelemnul
Zin
The Shining One
Jiyva

Shops:
D:2 *   D:4 :   D:5 =   D:9 =   D:11 [   Orc:2 (::=

Annotations:
D:3 1 runed translucent door, Crazy Yiuf
D:4 3 runed translucent doors, AstroCodex24's ghost, weakling DgFi
D:12 2 transporters, bakla's ghost, journeyman OnHu
Lair:1 3 runed translucent doors, whatisthis's ghost, journeyman DrCj
Lair:5 2 runed translucent doors


Innate Abilities, Weirdness & Mutations

You are too large for most types of armour.
You have a pair of small horns on your head.
You have tough skin. (AC +1)
You gain doubled healing and magic from potions.
Whenever you drink a healing potion, you attack all around you.


Message History

The +6 long sword is lightly damaged.
You block the +6 long sword's attack. The +6 long sword hits you.
The vault guard barely misses you.
A wave of flame ripples out!
The flame wave engulfs the vault guard.
The vault guard is moderately wounded.
The flame wave engulfs the +6 long sword.
The +6 long sword resists.
The +6 long sword is lightly damaged.
You finish channelling waves of flame.
The +6 long sword barely misses you. The vault guard closely misses you.
Casting: Flame Wave (mildly dangerous; 2% risk of failure)
Confirm with . or Enter, or press ? or * to list all spells.
Casting: Flame Wave (mildly dangerous; 2% risk of failure)
Press: ? - help, Dir - look around, f - activate A wave of flame ripples out!
The flame wave engulfs the vault guard.
The vault guard is heavily wounded.
The flame wave engulfs the +6 long sword.
The +6 long sword resists.
The +6 long sword is lightly damaged. (Press . to intensify the flame waves.)
You block the +6 long sword's attack. The +6 long sword hits you.
The vault guard hits you with a +6 long sword!!
A wave of flame ripples out!
The flame wave engulfs the vault guard!
The vault guard is heavily wounded.
The flame wave engulfs the +6 long sword.
The +6 long sword completely resists.
The +6 long sword is lightly damaged.
The +6 long sword hits you!!
* * * LOW HITPOINT WARNING * * *
The vault guard hits you with a +6 long sword!!
* * * LOW HITPOINT WARNING * * *
A wave of flame ripples out!
The flame wave engulfs the vault guard!
The vault guard is severely wounded.
The flame wave engulfs the +6 long sword.
The +6 long sword resists.
The +6 long sword is lightly damaged.
You finish channelling waves of flame.
The +6 long sword completely misses you.
The +6 long sword hits you!!
You die...

....#......#*,,,,,,,,,*
..#####....##..,*.#,,,##
#..####....##..**.#*,..#
#...#.....###..∆*∩#∆...#
#..#........#..#*.##...#
##..##..#..##...#.#....#
#......#..##..........#
##..........#...p(.....#
#..........##...@......#
...........##..........#
......#...........####.#
#.....##.........#####.#
#..##..........##......#
#.###................###
..##.................#
.....................#
..|..#........####..##


You could see a vault guard and a +6 long sword.

Vanquished Creatures
  Jorgrun (D:12)
  Kirke (D:12)
  3 orc warlords
  Snorg (D:12)
  A fire dragon (D:10)
  Fannar (D:10)
  7 ogre magi (Orc:1)
  5 hydras
  3 boulder beetles
  A catoblepas (D:14)
  2 centaur warriors (D:13)
  6 two-headed ogres
  5 orc high priests (Orc:2)
  A skyshark (Lair:2)
  2 lindwurms
  10 orc knights
  10 orc sorcerers
  2 ugly things (D:13)
  2 cyclopes
  2 manticores (D:14)
  2 kobold blastminers (Orc:2)
  17 elephants
  8 black mambas
  8 cane toads
  3 gargoyles
  Jeremiah (D:7)
  2 molten gargoyles (Lair:5)
  3 rime drakes
  10 komodo dragons
  An unseen horror (D:12)
  Psyche (D:7)
  6 trolls
  A queen bee (shapeshifter) (D:14)
  A merfolk (Lair:3)
  2 polar bears
  4 hornets (Orc:1)
  Prince Ribbit (D:5)
  4 blink frogs (Lair:2)
  8 dream sheep
  2 culicivoras (Lair:3)
  6 slime creatures (D:12)
  A shadow (D:11)
  18 yaks
  Sigmund (D:6)
  5 wraiths
  2 wyverns
  2 vampires
  6 hogs
  3 fire bats (D:10)
  5 wargs
  3 steam dragons
  5 basilisks
  2 fire elementals (D:10)
  8 vampire mosquitoes
  11 water moccasins
  4 hell hounds (Lair:5)
  28 orc warriors
  2 black bears
  An ice beast (D:7)
  A sky beast (D:6)
  5 centaurs
  8 ogres
  7 wolves
  A kobold brigand (D:11)
  Blork the orc (D:6)
  5 gnoll sergeants
  9 bullfrogs
  2 scorpions
  13 wights
  12 killer bees
  2 bombardier beetles
  2 howler monkeys (D:9)
  6 electric eels
  5 lava snakes (Lair:5)
  5 hounds
  21 orc priests
  2 jellies (D:6)
  4 gnoll boudas
  A sleepcap (D:7)
  3 iguanas
  31 orc wizards
  A hell rat (Sewer)
  A mummy (D:10)
  3 river rats (Sewer)
  6 adders
  32 gnolls
  A shadow imp (D:8)
  A white imp (D:7)
  2 ribbon worms
  82 orcs
  6 ball pythons
  3 bats
  4 endoplasms
  8 giant cockroaches
  3 goblins
  4 hobgoblins
  6 jackals
  12 kobolds
  7 quokkas
  A frilled lizard (D:1)
  8 rats
601 creatures vanquished.

Vanquished Creatures (collateral kills)
  An orc warrior (Orc:2)
  2 orcs (Orc:2)
3 creatures vanquished.

Grand Total: 604 creatures vanquished

Notes
Turn   | Place    | Note
-------+----------+-------------------------------------------
     0 | D:1      | grandjackal the Oni Warper began the quest for the Orb.
     0 | D:1      | Reached XP level 1. HP: 22/22 MP: 3/3
   120 | D:1      | Reached XP level 2. HP: 27/31 MP: 5/5
   849 | D:1      | Learned a level 2 spell: Blink
   903 | D:2      | Reached skill level 3 in Maces & Flails
   903 | D:2      | Reached XP level 3. HP: 25/37 MP: 6/6
   990 | D:2      | Found Difiom's Assorted Antiques.
  1002 | D:2      | Bought 2 white potions for 45 gold pieces
  1193 | D:2      | Found a faded altar of an unknown god.
  1465 | D:2      | Bought a cyan potion for 22 gold pieces
  1603 | D:3      | Found a shimmering blue altar of Sif Muna.
  1638 | D:3      | Reached XP level 4. HP: 19/48 MP: 7/7
  2371 | D:3      | Found a runed translucent door.
  2372 | D:3      | Noticed Crazy Yiuf
  2949 | D:2      | Bought a scroll labelled XASI KUBRAERID for 25 gold pieces
  3013 | D:4      | Reached skill level 4 in Maces & Flails
  3013 | D:4      | Reached XP level 5. HP: 26/55 MP: 8/8
  3162 | D:4      | Noticed an ogre
  3438 | D:4      | Reached skill level 5 in Fighting
  3438 | D:4      | Reached XP level 6. HP: 63/66 MP: 9/9
  3467 | D:4      | Found a runed translucent gate.
  3468 | D:4      | Found a runed translucent gate.
  3469 | D:4      | Found a runed translucent gate.
  3472 | D:4      | Noticed AstroCodex24's ghost (weakling DgFi)
  3475 | D:4      | Identified the +6 whip of Ymytedul {flame, rElec rN++ Str-2
                  | Stlth+}
  3482 | D:4      | Found Niosehot's Book Shoppe.
  3488 | D:4      | Reached skill level 5 in Maces & Flails
  3895 | D:5      | Entered Level 5 of the Dungeon
  3895 | D:5      | Found Bykuf's Jewellery Emporium.
  3916 | D:5      | Reached XP level 7. HP: 38/72 MP: 10/10
  4065 | D:5      | Noticed Prince Ribbit
  4069 | D:5      | HP: 1/72 [Prince Ribbit (17)]
  4074 | D:5      | Killed Prince Ribbit
  4075 | D:5      | Reached skill level 6 in Maces & Flails
  4583 | D:5      | Found a glowing drain.
  4587 | Sewer    | Entered a sewer
  4729 | Sewer    | Reached skill level 5 in Dodging
  4880 | D:5      | Found a staircase to the Ecumenical Temple.
  4934 | Temple   | Entered the Ecumenical Temple
  5006 | Temple   | Became a worshipper of Ashenzari the Shackled
  5041 | D:5      | Reached XP level 8. HP: 78/84 MP: 11/11
  5081 | D:5      | Reached skill level 7 in Maces & Flails
  5876 | D:6      | Identified the +1 robe of the Hanged Man {Slay+4 Archmagi}
  5984 | D:6      | Noticed Sigmund
  6004 | D:6      | Killed Sigmund
  6067 | D:6      | Noticed a gargoyle
  6080 | D:6      | Killed a gargoyle
  6081 | D:6      | Reached skill level 8 in Maces & Flails
  6081 | D:6      | Reached XP level 9. HP: 67/96 MP: 12/12
  6319 | D:6      | Noticed Blork the orc
  6325 | D:6      | Killed Blork the orc
  6821 | D:7      | Noticed Jeremiah
  7165 | D:7      | Reached skill level 9 in Maces & Flails
  7350 | D:7      | Killed Jeremiah
  7861 | D:7      | Found a shadowy altar of Dithmenos.
  8311 | D:7      | Reached skill level 10 in Maces & Flails
  8590 | D:7      | Reached * piety under Ashenzari
  8680 | D:7      | Found an opulent altar of Gozag.
  8753 | D:7      | Reached XP level 10. HP: 83/111 MP: 14/14
  8882 | D:7      | Found a white marble altar of Elyvilon.
  8932 | D:8      | Noticed Psyche
  8966 | D:7      | Identified the cursed +2 morningstar of Ashenzari's
                  | Affliction {protect, Self, Fort} (You found it on level 6
                  | of the Dungeon)
  8966 | D:7      | Identified the cursed +0 robe of the Gnostic Burden {Comp,
                  | Fort}
  8979 | D:7      | Killed Psyche
  8996 | D:7      | Learned a level 2 spell: Lesser Beckoning
  9000 | D:7      | Learned a level 3 spell: Teleport Other
  9005 | D:7      | Learned a level 4 spell: Manifold Assault
  9514 | D:8      | Reached skill level 10 in Fighting
 10070 | D:8      | Found a staircase to the Lair.
 10164 | D:9      | Reached skill level 11 in Maces & Flails
 10389 | D:9      | Found Urasagra's Jewellery Emporium.
 10682 | D:9      | Noticed a two-headed ogre
 10700 | D:9      | Killed a two-headed ogre
 10870 | D:9      | Reached skill level 10 in Dodging
 10947 | D:10     | Entered Level 10 of the Dungeon
 11094 | D:10     | Noticed a fire dragon
 11094 | D:10     | Found the +7 great mace "Firestarter" {flame, immolate,
                  | rFlCloud rF++}
 11114 | D:10     | Killed a fire dragon
 11115 | D:10     | Reached skill level 12 in Maces & Flails
 11115 | D:10     | Reached XP level 11. HP: 40/123 MP: 15/15
 11247 | D:10     | Noticed Fannar
 11297 | D:10     | Killed Fannar
 11453 | D:10     | Noticed Sonja
 11454 | D:10     | Sonja changed into Sonja the polar bear
 11454 | D:10     | Noticed Sonja
 11462 | D:10     | Killed Sonja the polar bear
 11553 | D:10     | Found a snail-covered altar of Cheibriados.
 11571 | D:10     | Noticed a two-headed ogre
 11575 | D:10     | Killed a two-headed ogre
 12115 | D:11     | Found Adud's Armour Emporium.
 12416 | D:11     | Reached skill level 13 in Maces & Flails
 12798 | D:11     | Reached ** piety under Ashenzari
 13003 | D:12     | Noticed a frost giant
 13004 | D:12     | Noticed a deep elf pyromancer
 13006 | D:12     | Noticed a vampire knight
 13006 | D:12     | Noticed a phantasmal warrior
 13008 | D:12     | Noticed a deep elf pyromancer
 13010 | D:12     | Noticed bakla's ghost (journeyman OnHu)
 13052 | D:12     | Noticed Jorgrun
 13067 | D:12     | Killed Jorgrun
 13215 | D:12     | Reached XP level 12. HP: 121/140 MP: 17/17
 13383 | D:12     | Noticed a two-headed ogre
 13405 | D:12     | Killed a two-headed ogre
 13441 | D:12     | Noticed Snorg
 13451 | D:12     | Killed Snorg
 13452 | D:12     | Reached skill level 14 in Maces & Flails
 13471 | D:12     | Noticed Kirke
 13648 | D:12     | Killed Kirke
 13648 | D:12     | Identified the cursed +0 cloak "Share My Abstinence" {Self,
                  | Bglg} (You found it on level 3 of the Dungeon)
 13648 | D:12     | Identified the cursed +0 troll leather armour "Share My
                  | Soothsayer" {Regen+, Melee, Fort} (You found it on level 8
                  | of the Dungeon)
 13838 | D:12     | Identified the ring "Waho" {rElec rC++ rN+ EV+5}
 14347 | D:12     | Found a transporter.
 14351 | D:12     | Found a transporter.
 14454 | D:12     | Found a staircase to the Orcish Mines.
 14468 | Orc:1    | Entered Level 1 of the Orcish Mines
 14473 | Orc:1    | Noticed an orc warlord
 14762 | Lair:1   | Entered Level 1 of the Lair of Beasts
 14886 | Lair:1   | Noticed whatisthis's ghost (journeyman DrCj)
 15024 | Lair:1   | Reached skill level 15 in Maces & Flails
 15282 | D:5      | Bought the ring "Hosyn" {rF+ Str+6 Int+3 SInv} for 665 gold
                  | pieces
 15658 | Lair:1   | Noticed a boulder beetle
 15671 | Lair:1   | Killed a boulder beetle
 15685 | Lair:1   | Found a runed translucent gate.
 15685 | Lair:1   | Found a runed translucent gate.
 15685 | Lair:1   | Found a runed translucent gate.
 15973 | Lair:2   | Noticed a skyshark
 15980 | Lair:2   | Killed a skyshark
 16003 | Lair:2   | Reached XP level 13. HP: 148/148 MP: 17/17
 16403 | Lair:2   | Reached skill level 5 in Translocations
 16559 | Lair:2   | Reached skill level 16 in Maces & Flails
 16873 | Lair:3   | Reached skill level 1 in Fire Magic
 17423 | Lair:3   | Reached *** piety under Ashenzari
 17448 | Lair:3   | Found a hole to the Spider Nest.
 17460 | Lair:3   | Reached skill level 15 in Fighting
 17533 | Lair:3   | Found a staircase to the Shoals.
 17763 | Lair:4   | Learned a level 3 spell: Volatile Blastmotes
 18647 | Lair:4   | Identified the +6 plate armour of the Tundras {rC+}
 18668 | Lair:5   | Entered Level 5 of the Lair of Beasts
 18918 | Lair:5   | Reached XP level 14. HP: 141/163 MP: 19/19
 18951 | Lair:5   | Found a staircase to the Slime Pits.
 18953 | Lair:5   | Found a viscous altar of Jiyva.
 19054 | Lair:5   | Reached skill level 5 in Fire Magic
 19287 | Lair:5   | Reached **** piety under Ashenzari
 19407 | Lair:5   | Reached skill level 17 in Maces & Flails
 19524 | Lair:5   | Learned a level 4 spell: Flame Wave
 19764 | Lair:5   | Reached skill level 1 in Conjurations
 19791 | Lair:5   | Found a large runed translucent door.
 19791 | Lair:5   | Found a large runed translucent door.
 20362 | D:12     | Killed an orc warlord
 20849 | Orc:1    | Reached ***** piety under Ashenzari
 20972 | Orc:1    | Paralysed by an ogre mage for 3 turns
 21193 | Orc:2    | Entered Level 2 of the Orcish Mines
 21244 | Orc:2    | Noticed an orc warlord
 21638 | Orc:2    | Found a staircase to the Elven Halls.
 21872 | Orc:2    | Killed an orc warlord
 21896 | Orc:2    | Reached XP level 15. HP: 131/178 MP: 11/21
 22081 | Orc:2    | Noticed an orc warlord
 22088 | Orc:2    | Killed an orc warlord
 22089 | Orc:2    | Reached skill level 18 in Maces & Flails
 22298 | Orc:2    | Found Hovie's Jewellery Emporium.
 22313 | Orc:2    | Found Qoyzih's Book Shop.
 22840 | Orc:2    | Bought Great Wizards, Vol. VII for 450 gold pieces
 22840 | Orc:2    | Found Coepneshu's Antique Weapon Shop.
 22842 | Orc:2    | Found Ynuucon's Book Emporium.
 22851 | Orc:2    | Bought a book of the Warp for 546 gold pieces
 24514 | D:14     | Found a gate to the Vaults.
 24524 | D:14     | Slain by a +6 long sword

Illustrated notes

Levels and vault maps discovered:
D:1:      ncdulo_lavacross, layout_basic, hangedman_decor_growths
D:2:      cheibrodos_helix_gallery, layout_basic, ebering_ecumenical_altar_mist,
          serial_shops, shop
D:3:      layout_basic, general_overflow_altar, uniq_crazy_yiuf_cottage
D:4:      layout_loops_ring, serial_shops, shop, biasface_ghost_orc_armoury,
          minmay_manual_monstrance
D:5:      layout_cave_pools, temple_doors_e, serial_shops,
          nicolae_shop_hallway_stairs, gup_sewer_entry_spiral,
          uniq_prince_ribbit1
D:6:      layout_loops_ring, uniq_sigmund, uniq_blork_the_orc
D:7:      layout_cave_pools, nicolae_elyvilon_temple_path, grunt_gozag_statues,
          mainiacjoe_overflow_alcove_2, serial_gnoll_camp, gnoll_camp_huts_moat,
          gnoll_camp_mini_house, gnoll_camp_mini_hut, gnoll_camp_mini_basic,
          uniq_jeremiah
D:8:      layout_cave_pools, nicolae_overflow_hidden_temple, lair_entry_dummy,
          patterned_corridor, uniq_psyche
D:9:      layout_stronghold, serial_shops, shop, small_statue_intersection
D:10:     minmay_firetagon, layout_basic, slow_altar_1, serial_curves,
          eino_curves_02, eino_curves_01, eino_curves_04, dk_rats_in_the_wall,
          uniq_sonja, uniq_fannar
D:11:     layout_irregular_city, serial_shops, shop
D:12:     layout_roguey, david_orc_4, gammafunk_ghost_arena, uniq_snorg,
          uniq_kirke, uniq_jorgrun
D:13:     layout_stronghold
D:14:     layout_cave_pools, erik_vaults_1, serial_library_hellmonk_small_corner
Temple:   regret_index_temple_sphere_string
Lair:1:   layout_regular_city, gammafunk_ghost_icy, lemuel_fruit_tree
Lair:2:   layout_misc_corridors, grunt_forest_small_clearings,
          dreamdust_gnoll_shepherd, serial_bayou_shore_b
Lair:3:   layout_cave_pods, elwin_shoals_entry_rooms,
          spider_nest_entry_funnel_web, nicolae_quartered_pool_medium
Lair:4:   layout_regular_city, dreamdust_mushroom_princess, minmay_lindwurm_lava
Lair:5:   cheibrodos_lair_end_hotspot, layout_misc_corridors, slime_entry_1
Orc:1:    hellmonk_paralyzer, layout_diamond_mine
Orc:2:    st_orc_elflike, layout_caves, lightli_church_of_beogh

Skill      XL: |  1  2  3  4  5  6  7  8  9 10 11 12 13 14 15 |
---------------+----------------------------------------------+-----
Fighting       | 3 4 5 6 7 9 11 12 14 15 16 17 | 17.2
Maces & Flails | 3 4 5 6 8 10 12 13 15 16 17 18 | 18.6
Dodging        | 3 5 6 8 10 12 13 | 13.0
Translocations | 3 6 7 |  7.3
Fire Magic     | 4 7 9 |  9.2
Conjurations   | 3 4 |  4.9
Throwing       | |  1.0
Spellcasting   | |  2.4

Action                     |  1- 3 |  4- 6 |  7- 9 | 10-12 | 13-15 || total
---------------------------+-------+-------+-------+-------+-------++-------
  Melee: Mace              |    95 |    73 |    60 |       |       ||   228
         Headbutt          |     8 |    12 |    47 |   164 |   251 ||   482
         Punch             |     1 |     2 |     2 |     6 |    10 ||    21
         Flail             |       |       |    38 |       |       ||    38
         Morningstar       |       |       |   162 |   749 |  1031 ||  1942
         Unarmed           |       |       |       |    20 |       ||    20
  Throw: Dart              |       |     4 |     2 |    10 |       ||    16
   Cast: Blink             |       |       |     5 |     1 |       ||     6
         Volatile Blastmot |       |       |       |       |    21 ||    21
         Flame Wave        |       |       |       |       |    14 ||    14
         Manifold Assault  |       |       |       |       |    17 ||    17
         Lesser Beckoning  |       |       |       |       |     2 ||     2
 Invoke: Curse Item        |       |       |     2 |     2 |     4 ||     8
         Shatter the Chain |       |       |       |     2 |       ||     2
  Evoke: Wand              |       |       |    38 |     1 |     9 ||    48
         Phantom mirror    |       |       |       |     1 |     1 ||     2
    Use: Potion            |       |       |     5 |     4 |     1 ||    10
         Scroll            |       |       |       |     2 |     4 ||     6
   Stab: Sleeping          |       |     2 |       |       |       ||     2
         Invisible         |       |       |       |     1 |       ||     1
 Armour: Robe              |   106 |    63 |   256 |    93 |       ||   518
         Troll leather arm |       |       |       |   502 |   596 ||  1098
         Skin              |       |       |       |    12 |       ||    12
  Dodge: Dodged            |    70 |    39 |   180 |   520 |   681 ||  1490
  Block: Other             |       |       |       |       |   124 ||   124
         Reflection        |       |       |       |       |    12 ||    12

Table legend: (Time is in decaauts)
 A = Elapsed time spent in this place.
 B = Non-inter-level travel time spent in this place.
 C = Inter-level travel time spent in this place.
 D = Time resting spent in this place.
 E = Time spent auto-exploring this place.
 F = Levels seen in this place.
 G = Mean time per level.
                   A        B        C        D        E       F      G
               +--------+--------+--------+--------+--------+-----+--------+
         Total |  24281 |  22945 |   1336 |   5823 |  11723 |  23 | 1055.7 |
       Dungeon |  16644 |  15691 |    953 |   4490 |   7710 |  14 | 1188.9 |
        Temple |     88 |     72 |     16 |      0 |      0 |   1 |   88.0 |
          Lair |   4976 |   4728 |    248 |    536 |   3130 |   5 |  995.2 |
  Orcish Mines |   2362 |   2244 |    118 |    686 |    872 |   2 | 1181.0 |
         Sewer |    209 |    209 |      0 |    110 |     11 |   1 |  209.0 |
               +--------+--------+--------+--------+--------+-----+--------+

Top non-repeatable levels by time:
     D:7: 2293 daAuts
    D:12: 1772 daAuts
     D:3: 1524 daAuts
  Lair:5: 1430 daAuts
     D:6: 1428 daAuts
   Orc:2: 1372 daAuts
     D:5: 1366 daAuts
     D:8: 1201 daAuts
    D:10: 1167 daAuts
    D:13: 1125 daAuts
     D:4: 998 daAuts
    D:11: 998 daAuts
   Orc:1: 990 daAuts
  Lair:3: 984 daAuts
  Lair:4: 926 daAuts
